AoeStats
← tan_boi

Black Forest

508801480Analyzed
4v4 RM · 9d ago on Sep 24, 2026· 60m 2s· 8 players
Game mode
Random Map
Map size
Large (8 player)
Population
200
Speed
Normal
Resources
Standard
Victory
Conquest
Starting age
Dark Age
Ending age
Imperial Age
RankedLock teamsTeams togetherTeam positionsShared explorationLock speedFull tech treeHidden civsTurbo modeCheats
Victory
Defeat
🇺🇸 Varangians · United States
651
+8
🇺🇸 Franks · United States
649
+8
🇺🇸 Danes · United States
641
+8
🇺🇸 Vietnamese · United States
604
+9
🇺🇸 Inca · United States
540
-12
🇺🇸 Bohemians · United States
454
-8
🇺🇸 Chinese · United States
410
-7
🇺🇸 Wu · United States
372
-6
BoZoTh3Cl0Wn
2:42 Loom
12:46 Feudal Age
14:08 Double-Bit Axe
16:53 Horse Collar
18:43 Gold Mining
18:46 Stone Mining
24:04 Castle Age
24:49 Gambesons
25:04 Squires
24:33 Man-at-Arms
26:10 Long Swordsman
27:38 Bow Saw
28:29 Heavy Plow
30:27 Wheelbarrow
30:21 Scale Mail Armor
35:48 Imperial Age
33:45 Ballistics
33:37 Arson
34:10 Forging
34:58 Chain Mail Armor
35:36 Caravan
36:40 Hand Cart
38:00 Stone Shaft Mining
39:40 Gold Shaft Mining
38:55 Onager
40:09 Elite Jomsviking
40:59 Hamask
42:59 Siege Engineers
43:56 Chemistry
46:28 Siege Onager
49:17 Iron Casting
49:14 Plate Mail Armor
48:34 Fletching
48:45 Padded Archer Armor
48:14 Elite Varangian Guard
51:00 Blast Furnace
50:46 Arrowslits
51:00 Murder Holes
50:59 Heated Shot
51:24 Masonry
52:12 Northmen's Fury
Whinning
14:22 Feudal Age
14:54 Double-Bit Axe
21:24 Castle Age
28:56 Forging
28:53 Scale Barding Armor
34:32 Horse Collar
40:00 Imperial Age
38:29 Wheelbarrow
39:09 Padded Archer Armor
39:19 Loom
39:53 Bow Saw
39:47 Heavy Plow
44:28 Iron Casting
44:14 Chain Barding Armor
43:52 Fletching
46:43 Gothikon
50:30 Blast Furnace
49:41 Scale Mail Armor
51:26 Arson
51:33 Gambesons
51:51 Squires
AKINDY95
11:44 Feudal Age
13:53 Double-Bit Axe
21:37 Castle Age
20:49 Forging
20:54 Scale Barding Armor
26:44 Chain Barding Armor
26:21 Fletching
27:37 Wheelbarrow
33:14 Imperial Age
32:49 Scale Mail Armor
33:26 Iron Casting
32:48 Bodkin Arrow
33:04 Husbandry
33:35 Cavalier
36:28 Murder Holes
36:56 Ballistics
37:39 Chemistry
38:48 Chivalry
39:40 Paladin
40:45 Chain Mail Armor
41:59 Blast Furnace
43:38 Plate Barding Armor
45:04 Plate Mail Armor
jla
0:49 Loom
14:51 Feudal Age
16:33 Wheelbarrow
16:38 Man-at-Arms
17:35 Forging
17:27 Scale Mail Armor
17:33 Double-Bit Axe
17:32 Horse Collar
17:45 Gold Mining
17:46 Stone Mining
19:03 Arson
28:43 Castle Age
29:40 Hand Cart
29:33 Heavy Plow
29:44 Bow Saw
30:13 Stone Shaft Mining
30:58 Iron Casting
31:00 Pikeman
31:40 Squires
32:17 Chain Mail Armor
32:10 Caravan
37:57 Treadmill Crane
38:28 Masonry
38:41 Ballistics
38:20 Murder Holes
38:20 Fletching
38:30 Padded Archer Armor
42:23 Imperial Age
39:46 Town Watch
41:18 Elite Skirmisher
42:07 Thumb Ring
42:41 Leather Archer Armor
42:22 Bodkin Arrow
44:12 Town Patrol
45:43 Chemistry
44:28 Arrowslits
44:50 Siege Engineers
45:19 Plate Mail Armor
45:19 Ring Archer Armor
44:50 Bracer
44:56 Scale Barding Armor
45:53 Two-Man Saw
45:27 Crop Rotation
45:26 Imperial Skirmisher
45:29 Halberdier
48:06 Elite Rattan Archer
49:07 Paper Money
49:30 Hoardings
51:14 Chain Barding Armor
56:31 Plate Barding Armor
TenderCrust5
0:44 Loom
12:56 Feudal Age
13:43 Double-Bit Axe
18:01 Horse Collar
22:33 Castle Age
22:39 Forging
22:19 Fletching
23:51 Gold Mining
24:50 Bodkin Arrow
24:56 Padded Archer Armor
26:55 Gold Shaft Mining
26:11 Stone Mining
27:16 Arson
28:27 Heavy Plow
31:27 Wheelbarrow
31:23 Scale Mail Armor
31:59 Iron Casting
31:43 Crossbowman
34:06 Stone Shaft Mining
34:00 Thumb Ring
35:20 Caravan
39:18 Imperial Age
39:41 Ballistics
41:18 Chemistry
40:44 Hand Cart
42:03 Guard Tower
42:33 Bombard Tower
43:23 Elite Chu Ko Nu
54:45 Arrowslits
Jarvis
1:50 Loom
14:03 Feudal Age
14:50 Double-Bit Axe
14:47 Horse Collar
20:35 Wheelbarrow
24:33 Castle Age
24:15 Forging
24:05 Scale Mail Armor
25:56 Bow Saw
25:49 Heavy Plow
25:50 Arson
26:05 Squires
25:26 Pikeman
28:02 Fletching
28:12 Padded Archer Armor
28:18 Padded Archer Armor
28:55 Fervor
29:32 Caravan
30:06 Hand Cart
34:13 Iron Casting
33:54 Chain Mail Armor
33:35 Bodkin Arrow
33:56 Leather Archer Armor
33:47 Scale Barding Armor
37:28 Chemistry
36:49 Ballistics
36:46 Redemption
42:00 Husbandry
45:58 Imperial Age
43:56 Chain Barding Armor
44:02 Herbal Medicine
44:10 Atonement
44:55 Wagenburg Tactics
46:30 Halberdier
48:11 Plate Mail Armor
47:41 Bracer
48:12 Ring Archer Armor
48:43 Blast Furnace
50:03 Hussite Reforms
49:19 Elite Hussite Wagon
50:21 Conscription
50:04 Houfnice
54:54 Theocracy
54:39 Block Printing
tan_boi
4:14 Loom
19:46 Feudal Age
20:59 Man-at-Arms
51:44 Castle Age
Biscuit
1:23 Loom
16:35 Feudal Age
19:42 Town Watch
21:19 Forging
21:09 Scale Mail Armor
21:08 Horse Collar
21:14 Double-Bit Axe
21:20 Gold Mining
22:20 Champi Runner
22:48 Arson
31:26 Castle Age
33:19 Squires
32:39 Champi Warrior
37:38 Town Patrol
40:19 Heavy Plow
40:29 Bow Saw
40:56 Gold Shaft Mining
40:11 Stone Mining
43:49 Wheelbarrow
46:03 Imperial Age
44:29 Stone Shaft Mining
47:06 Conscription
50:50 Elite Champi Warrior
54:04 Fabric Shields
Connection lost

Rejoining the realm…

Still unreachable

The connection could not be restored.

Session expired

The server has moved on; the page needs a fresh start.